 Seeded DCSS version 0.30-a0-879-ga8ba668304 (webtiles) character file.

Game seed: 10772915034647449036 (custom seed)

778 Juicyj the Shield-Bearer (level 7, -1/63 HPs)
             Began as a Minotaur Fighter on Mar 10, 2023.
             Slain by a gnoll
             ... wielding a +0 whip
              (3 damage)
             ... on level 5 of the Dungeon on Mar 13, 2023.
             The game lasted 00:04:04 (2462 turns).

Juicyj the Shield-Bearer (Minotaur Fighter)         Turns: 2462, Time: 00:04:05

Health: -1/63      AC:  9    Str: 23    XL:     7   Next: 54%
Magic:  6/6        EV:  9    Int:  5    God:
Gold:   114        SH:  5    Dex:  9    Spells: 6/6 levels left

rFire   . . .      SeeInvis .    a - +0 war axe
rCold   + + .      Faith    .    c - +0 buckler
rNeg    . . .      Spirit   .    b - +0 scale mail
rPois   .          Reflect  .    (helmet restricted)
rElec   .          Rampage  .    (no cloak)
rCorr   .                        (no gloves)
Will    .....                    (no boots) Stlth
                                 (no amulet)
HPRegen 0.30/turn                (no ring)
MPRegen 0.10/turn                (no ring)

@: no status effects
A: horns 2, retaliatory headbutt, iridescent scales 1, cold resistance 2
a: no special abilities


You were on level 5 of the Dungeon.
You visited 1 branch of the dungeon, and saw 5 of its levels.

You collected 114 gold pieces.

Inventory:

Hand Weapons
 a - a +0 war axe (weapon)
Armour
 b - a +0 scale mail (worn)
 c - a +0 buckler (worn)
Jewellery
 l - a +4 ring of protection
 m - a +6 ring of dexterity
Wands
 t - a wand of flame (8)
Scrolls
 g - a scroll of identify
 i - 2 scrolls of teleportation
 k - a scroll of amnesia {unknown}
 n - a scroll of poison {unknown}
 p - 2 scrolls of fog {unknown}
 q - a scroll of immolation {unknown}
Potions
 d - a potion of might
 e - a potion of flight {unknown}
 f - a potion of haste
 h - 2 potions of mutation
 j - a potion of magic {unknown}
 o - 2 potions of curing {unknown}
 r - 4 potions of berserk rage {unknown}
 s - a potion of degeneration {unknown}


   Skills:
 + Level 6.2 Fighting
 + Level 5.5 Axes
 + Level 6.2 Armour
 + Level 6.2 Shields


You had 6 spell levels left.
You didn't know any spells.
Your spell library was empty.

Dungeon Overview and Level Annotations

Branches:
Dungeon (6/15)
 Temple: D:4-7

Altars:

Shops:
D:2 !   D:6 [


Innate Abilities, Weirdness & Mutations

You have a pair of horns on your head.
You reflexively headbutt those who attack you in melee.
You are partially covered in iridescent scales. (AC +2)
Your flesh is very cold resistant. (rC++)


Message History

The adder bites you but does no damage.
You barely miss the orc priest.
You headbutt the orc priest, but do no damage.
The orc priest is almost dead.
You closely miss the adder.
The orc priest hits you with a +0 dagger.
* * * LOW HITPOINT WARNING * * *
The adder bites you but does no damage.
The orc priest casts a cantrip, but nothing happens.
You hit the orc priest.
You kill the orc priest!
You slash the adder! The adder barely misses you. You furiously retaliate!
You headbutt the adder, but do no damage.
The adder bites you but does no damage.
You barely miss the adder.
The adder is severely wounded.
The adder bites you but does no damage. x2
You barely miss the adder.
The adder is severely wounded.
You block the adder's attack.
You hit the adder.
You kill the adder!
You block the gnoll's attack.
You slash the gnoll!
The gnoll is almost dead.
You block the gnoll's attack.
You closely miss the gnoll.
The gnoll is almost dead.
The gnoll closely misses you.
You closely miss the gnoll.
You headbutt the gnoll, but do no damage.
The gnoll is almost dead.
The gnoll hits you with a +0 whip.
* * * LOW HITPOINT WARNING * * *
The gnoll hits you with a +0 whip.
* * * LOW HITPOINT WARNING * * *
You closely miss the gnoll.
The gnoll is almost dead.
The gnoll hits you with a +0 whip.
You die...

#....# ##....# #.....#
.....# ..#######
#....#......#
........##+##....#......#
........g@.##....#......#
......†.#).......+......#
..$.....#..##....#......#.
##......#..#####'#...>..#.
#......#..#............#.
#......#..#.........<..#.
#......#..#......###'###.
..o....#..#......#.......
#..#......#.......


You could see a gnoll.

Vanquished Creatures
  Sigmund (D:2)
  A black bear (D:5)
  A phantom (D:6)
  A howler monkey (D:5)
  A jelly (D:5)
  A sleepcap (D:6)
  An orc priest (D:5)
  Jessica (D:3)
  2 iguanas (D:5)
  2 orc wizards (D:5)
  Natasha (thrice) (D:3)
  3 gnolls (D:5)
  4 adders
  A shadow imp (D:6)
  An ufetubus (D:6)
  A dart slug (D:2)
  4 orcs
  4 ball pythons
  2 endoplasms (D:2)
  5 giant cockroaches
  4 hobgoblins
  2 quokkas
  6 bats
  4 frilled lizards
  2 goblins
  7 kobolds
  2 rats
67 creatures vanquished.

Notes
Turn   | Place    | Note
-------+----------+-------------------------------------------
     0 | D:1      | Juicyj the Minotaur Fighter began the quest for the Orb.
     0 | D:1      | Reached XP level 1. HP: 19/19 MP: 0/0
   126 | D:1      | Upgraded the game from 0.30-a0-867-g305f33218d to
                  | 0.30-a0-879-ga8ba668304
   128 | D:1      | Reached XP level 2. HP: 27/27 MP: 1/1
   598 | D:2      | Gained mutation: Your flesh is cold resistant. (rC+)
                  | [potion of mutation]
   598 | D:2      | Gained mutation: You are partially covered in iridescent
                  | scales. (AC +2) [potion of mutation]
   598 | D:2      | Gained mutation: Your flesh is very cold resistant. (rC++)
                  | [potion of mutation]
   634 | D:2      | Reached XP level 3. HP: 33/33 MP: 2/2
   772 | D:2      | Noticed Sigmund
   780 | D:2      | Killed Sigmund
   781 | D:2      | Reached XP level 4. HP: 28/41 MP: 3/3
   781 | D:2      | Reached XP level 5. HP: 32/47 MP: 4/4
   849 | D:2      | Found Teb Eximeme's Distillery.
  1194 | D:2      | Found a faded altar of an unknown god.
  1289 | D:3      | Reached skill level 5 in Shields
  1327 | D:3      | Reached skill level 5 in Armour
  1345 | D:3      | Reached skill level 5 in Fighting
  1529 | D:3      | Noticed Jessica
  1536 | D:3      | Killed Jessica
  1546 | D:3      | Noticed Natasha
  1551 | D:3      | Killed Natasha
  1552 | D:3      | Reached XP level 6. HP: 53/56 MP: 5/5
  1639 | D:3      | Noticed Natasha
  1647 | D:3      | Killed Natasha
  1782 | D:3      | Noticed Natasha
  1790 | D:3      | Killed Natasha
  1794 | D:3      | You fall into a shaft and drop 3 floors!
  1794 | D:6      | Found Cuj Vemn's Antique Armour Emporium.
  1862 | D:5      | Entered Level 5 of the Dungeon
  2299 | D:5      | Reached XP level 7. HP: 37/62 MP: 6/6
  2424 | D:5      | Reached skill level 5 in Axes
  2461 | D:5      | HP: 2/63 [gnoll/+0 whip (5)]
  2462 | D:5      | Slain by a gnoll

Illustrated notes

Levels and vault maps discovered:
D:1:      psy_arrival_statuary, layout_loops_ring
D:2:      layout_rooms, serial_shops, nicolae_shop_advertising_works
          [nicolae_subvault_shop_adworks],
          shapermc_ecumenical_altar_mp_vishouse, st_stairs_14, corner_web_ring,
          uniq_sigmund
D:3:      layout_loops_ring, serial_aquarium, aquarium_bridge_island_small
          [aquarium_subvault_small_open, aquarium_subvault_window,
          aquarium_subvault_bridge, aquarium_subvault_window,
          aquarium_subvault_wall], aquarium_window_corridor_3,
          aquarium_window_fake, aquarium_window_1, aquarium_window_corner,
          aquarium_view_2b, aquarium_view_2c, aquarium_balcony_double_3,
          hangedman_glass_teeth, minmay_misc_feat_chi, minmay_curled_crystal,
          mrwooster_statue_mirror, uniq_natasha, uniq_jessica
D:5:      layout_gridville, grunt_decor_clamped
D:6:      layout_loops_ring, minmay_temple_entry_hall,
          lightli_sewer_entry_pipes, serial_shops, nicolae_diamond_shop,
          uniq_crazy_yiuf_cottage

Skill      XL: |  1  2  3  4  5  6  7 |
---------------+----------------------+-----
Shields        | 4 5 6 |  6.2
Fighting       | 4 5 6 |  6.2
Armour         | 4 5 6 |  6.2
Axes           | 4 5 |  5.5

Action                     |  1- 3 |  4- 6 |  7- 9 || total
---------------------------+-------+-------+-------++-------
  Melee: War axe           |    64 |    80 |    40 ||   184
         Headbutt          |     7 |     7 |     7 ||    21
  Evoke: Wand              |       |     5 |       ||     5
    Use: Scroll            |     3 |     1 |       ||     4
         Potion            |     1 |       |       ||     1
 Armour: Scale mail        |    44 |    33 |    33 ||   110
  Dodge: Dodged            |    26 |    49 |    14 ||    89
  Block: Buckler           |    12 |    17 |     9 ||    38

Table legend: (Time is in decaauts)
 A = Elapsed time spent in this place.
 B = Non-inter-level travel time spent in this place.
 C = Inter-level travel time spent in this place.
 D = Time resting spent in this place.
 E = Time spent auto-exploring this place.
 F = Levels seen in this place.
 G = Mean time per level.
                   A        B        C        D        E       F      G
               +--------+--------+--------+--------+--------+-----+--------+
         Total |   2524 |   2472 |     52 |    351 |   1656 |   5 |  504.8 |
       Dungeon |   2524 |   2472 |     52 |    351 |   1656 |   5 |  504.8 |
               +--------+--------+--------+--------+--------+-----+--------+

Top non-repeatable levels by time:
     D:2: 663 daAuts
     D:5: 614 daAuts
     D:1: 609 daAuts
     D:3: 564 daAuts
     D:6: 72 daAuts
